 Dungeon Crawl Stone Soup version 0.26-a0-667-g92642533e4 (webtiles) character file.

Game seed: 14372002958286262179

942 Radels the Grave Robber (level 7, 0/54 HPs)
             Began as a Demonspawn Necromancer on Oct 15, 2020.
             Was a Follower of Sif Muna.
             Slain by an orc wizard
             ... wielding a +1 dagger of electrocution
              (15 damage)
             ... on level 5 of the Dungeon on Oct 16, 2020.
             The game lasted 00:30:19 (6025 turns).

Radels the Grave Robber (Demonspawn Necromancer)    Turns: 6025, Time: 00:30:19

Health: 0/54       AC:  8    Str:  9    XL:     7   Next: 88%
Magic:  3/11       EV: 12    Int: 18    God:    Sif Muna [*.....]
Gold:   264        SH:  5    Dex: 13    Spells: 3/12 levels left

rFire    + . .     SeeInvis .   a - +2 whip (pain)
rCold    . . .     Faith    .   o - +0 buckler
rNeg     . . .     Spirit   .   u - +0 leather armour
rPois    .         Reflect  .   k - +1 hat
rElec    .         Harm     .   (no cloak)
rCorr    .         Rampage  .   (no gloves)
MR       .....                  B - +1 pair of boots
Stlth    ++........             c - amulet of regeneration
HPRegen  0.58/turn              w - ring of protection from fire
MPRegen  0.12/turn              (no ring)

@: no status effects
A: horns 2, slimy green scales 1
a: Channel Magic, Renounce Religion


You were on level 5 of the Dungeon.
You worshipped Sif Muna.
Sif Muna was aware of your devotion.
You visited 2 branches of the dungeon, and saw 7 of its levels.
You also visited: Sewer.

You collected 264 gold pieces.

Inventory:

Hand Weapons
 a - a +2 whip of pain (weapon)
Missiles
 h - 31 poisoned darts (quivered)
Armour
 b - a +1 ring mail of fire resistance
 k - a +1 hat (worn)
 o - a +0 buckler (worn)
 u - a +0 leather armour (worn)
 B - a +1 pair of boots (worn)
Jewellery
 c - an amulet of regeneration (around neck)
 w - a ring of protection from fire (left hand)
Wands
 D - a wand of flame (24)
Scrolls
 d - a scroll of noise {unknown}
 f - a scroll of identify
 j - 3 scrolls of teleportation
 l - a scroll of fear
 n - 2 scrolls of magic mapping
 p - 9 scrolls of remove curse
 r - a scroll of enchant weapon
 s - a scroll of blinking
 x - a scroll of amnesia
 y - 4 scrolls of fog {unknown}
Potions
 e - 3 potions of degeneration {unknown}
 g - 5 potions of curing
 i - a potion of flight
 m - 2 potions of might {unknown}
 q - 4 potions of mutation {unknown}
 v - a potion of haste
 z - 4 potions of heal wounds
 A - 4 potions of brilliance {unknown}
 C - 3 potions of stabbing {unknown}


   Skills:
 - Level 4.0 Fighting
 - Level 3.0 Armour
 - Level 2.0 Dodging
 - Level 2.0 Stealth
 - Level 4.0 Shields
 - Level 3.0 Spellcasting
 + Level 6.7 Necromancy


You had 3 spell levels left.
You knew the following spells:

 Your Spells              Type           Power        Failure   Level
a - Pain                  Necr           ####         1%          1
b - Animate Skeleton      Necr           ####..       1%          1
d - Vampiric Draining     Necr           ####......   4%          3
n - Animate Dead          Necr           ####......   14%         4

Your spell library contained the following spells:

 Spells                   Type           Power        Failure   Level
 Sandblast                Erth           #.....       22%         1
 Passwall                 Tmut/Erth      #.......     32%         2
 Stone Arrow              Conj/Erth      #.....       54%         3
 Agony                    Necr           ####....     36%         5
 Petrify                  Tmut/Erth      #.......     91%         4
 Lee's Rapid Deconstruct  Erth           #.........   99%         5


Dungeon Overview and Level Annotations

Branches:
Dungeon (6/15)             Temple (1/1) D:4           Sewer (visited)

Altars:
Cheibriados
Elyvilon
Fedhas
Gozag
Hepliaklqana
Kikubaaqudgha
Nemelex Xobeh
Okawaru
Qazlal
Ru
Sif Muna
Trog
Uskayaw
Vehumet
Xom
Yredelemnul
The Shining One
Lugonu

Shops:
D:4 [   D:5 =

Annotations:
D:2 Decritt's ghost, amateur DrFE


Innate Abilities, Weirdness & Mutations

You have a pair of horns on your head.
You are partially covered in slimy green scales. (AC +2)


Message History

Aiming: Vampiric Draining (dangerous; 4% risk of failure)
Press: ? - help, Shift-Dir - straight line, f/p - orc priest
Aim: an orc priest, wielding a +0 mace and wearing a cursed +0 leather armour The orc priest is almost dead.
You feel life coursing into your body.
The orc wizard hits you but does no damage.
You are electrocuted!
* * * LOW HITPOINT WARNING * * *
Casting: Vampiric Draining (dangerous; 4% risk of failure)
Confirm with . or Enter, or press ? or * to list all spells.
Aiming: Vampiric Draining (dangerous; 4% risk of failure)
Press: ? - help, Shift-Dir - straight line, f/p - orc priest
Aim: an orc priest, wielding a +0 mace and wearing a cursed +0 leather armour (almost dead)
You kill the orc priest!
Sif Muna accepts your kill.
You feel life coursing into your body.
The orc wizard hits you with a +1 dagger of electrocution.
* * * LOW HITPOINT WARNING * * *
You are electrocuted!
You die...

#.# #.#####..........# #.####
##'####.# #.########## #.#
.....##.# #.# #.# .....##.# #.#
#.# .....##.# #.# #.# .....##.#
#.# #.# .....##.# #.#
##########.#
.....##.#####.#####...[......#
...............)@##.#######..#
..###.#..##.#.##o##.# #..#
#.###.#.....#.##.##.# #..####
#...#.##.#..#.##.##.# #.....#
###.#.##.#..#.##.##.# #.###.# #
#......#..#....##.#######.###.#
#
###.####..#######...)......##.#
##
##'####...........##########.#
.#
#....##.#########.....#...##.#


You could see an orc wizard (fast).

Vanquished Creatures
  A centaur (D:5)
  An ogre (D:4)
  A big kobold (Sewer)
  2 scorpions (D:5)
  2 howler monkeys
  A quasit (D:2)
  A centaur zombie (D:6)
  A jelly (D:5)
  An orc priest (D:5)
  4 worker ants
  12 adders
  4 river rats (Sewer)
  2 white imps
  2 ufetubi
  2 oozes
  An adder skeleton (D:4)
  3 worms
  3 dart slugs
  2 leopard geckos
  6 orcs
  7 ball pythons
  5 bats
  6 giant cockroaches
  2 gnoll zombies (D:4)
  10 goblins
  8 hobgoblins
  5 jackals
  3 quokkas
  3 frilled lizards
  20 kobolds
  A quokka skeleton (D:4)
  22 rats
144 creatures vanquished.

Vanquished Creatures (collateral kills)
  A hound (D:4)
  A kobold (Sewer)
  2 rats (Sewer)
4 creatures vanquished.

Vanquished Creatures (others)
  2 demonic plants (Temple)
2 creatures vanquished.

Grand Total: 150 creatures vanquished

Notes
Turn   | Place    | Note
-------+----------+-------------------------------------------
     0 | D:1      | Radels the Demonspawn Necromancer began the quest for the
                  | Orb.
     0 | D:1      | Reached XP level 1. HP: 13/13 MP: 3/3
   236 | D:1      | Gained mutation: You have a pair of small horns on your
                  | head. [demonic ancestry]
   236 | D:1      | Reached XP level 2. HP: 18/19 MP: 1/5
   379 | D:1      | Learned a level 1 spell: Animate Skeleton
   582 | D:1      | Reached skill level 5 in Necromancy
   922 | D:1      | Reached XP level 3. HP: 21/24 MP: 0/6
  1180 | D:2      | Learned a level 3 spell: Vampiric Draining
  1207 | D:2      | Found a bloodstained altar of Trog.
  1225 | D:2      | Found a shimmering altar of Xom.
  1225 | D:2      | Found a shimmering altar of Xom.
  1226 | D:2      | Found a shimmering altar of Xom.
  1226 | D:2      | Found a shimmering altar of Xom.
  1330 | D:2      | Found a white marble altar of Elyvilon.
  1790 | D:2      | Reached skill level 1 in Shields
  1987 | D:2      | Reached XP level 4. HP: 14/30 MP: 7/7
  2027 | D:2      | Found a radiant altar of Vehumet.
  2396 | D:3      | Found a runed translucent door.
  2403 | D:3      | Noticed Decritt's ghost (amateur DrFE)
  2805 | D:3      | Reached skill level 6 in Necromancy
  2912 | D:3      | Found a runed translucent door.
  3060 | D:3      | Found a hazy altar of Hepliaklqana.
  3065 | D:3      | Found a sacrificial altar of Ru.
  3208 | D:4      | Reached skill level 1 in Armour
  3208 | D:4      | Reached XP level 5. HP: 35/35 MP: 5/8
  3303 | D:4      | Found a glowing drain.
  3332 | Sewer    | Entered a sewer
  3487 | Sewer    | Gained mutation: You are partially covered in slimy green
                  | scales. (AC +2) [demonic ancestry]
  3487 | Sewer    | Reached XP level 6. HP: 40/41 MP: 4/9
  4382 | D:4      | Found a basalt altar of Yredelemnul.
  4400 | D:4      | Found a staircase to the Ecumenical Temple.
  4409 | Temple   | Entered the Ecumenical Temple
  4457 | Temple   | Became a worshipper of Sif Muna the Loreminder
  4535 | D:4      | Got a pitted ring mail
  4553 | D:4      | Identified the cursed +0 ring mail of Ilucoupp {Rampage
                  | +Inv Regen+ Slay-2} (You found it on level 4 of the
                  | Dungeon)
  4589 | D:4      | Found a snail-covered altar of Cheibriados.
  4646 | D:4      | Reached skill level 1 in Fighting
  4646 | D:4      | Gained mutation: You have a pair of horns on your head.
                  | [demonic ancestry]
  4646 | D:4      | Reached XP level 7. HP: 43/48 MP: 0/10
  4650 | D:4      | Found Ulonuny's Armour Boutique.
  4960 | D:5      | Entered Level 5 of the Dungeon
  5294 | D:5      | Found a sparkling altar of Nemelex Xobeh.
  5457 | D:5      | Reached * piety under Sif Muna
  5465 | D:5      | Found Ocomij's Jewellery Shop.
  5506 | D:5      | Found a glowing golden altar of the Shining One.
  5520 | D:5      | Found an iron altar of Okawaru.
  5800 | D:6      | Learned a level 4 spell: Animate Dead
  6025 | D:5      | Slain by an orc wizard

Illustrated notes

Levels and vault maps discovered:
D:1:      evilmike_arrival_plus, layout_loops_ring
D:2:      wander_river, layout_loops_ring, marbit_many_paths, xom_redecorated,
          vehumet_crystals, lemuel_round_altar, kennysheep_generic_room_7
D:3:      layout_basic, minitemple, ebering_ghost_sewer_f,
          chequers_serial_rivers_micro_b, mrwooster_statue_mirror
D:4:      layout_cave_pools, lemuel_zombie_altar_yredelemnul,
          kennysheep_slug_shrine, minmay_temple_entry_poolview, serial_shops,
          nicolae_shop_crystal, gup_sewer_entry_glass, nicolae_underground_beach
D:5:      layout_basic, kennysheep_mini_moat, okawaru_gym_becter, serial_shops,
          nicolae_shop_stone, nemelex_xobeh_ov_fountains_minmay
D:6:      layout_rooms, nicolae_overflow_hidden_temple, lemuel_round_altar
Temple:   corrupted_temple

Skill      XL: |  1  2  3  4  5  6  7 |
---------------+----------------------+-----
Stealth        | 2 |  2.0
Dodging        | 2 |  2.0
Necromancy     | 5 6 |  6.7
Shields        | 1 2 3 4 |  4.0
Armour         | 1 2 3 |  3.0
Fighting       | 1 4 |  4.0
Spellcasting   | 3 |  3.0

Action                   |  1- 3 |  4- 6 |  7- 9 || total
-------------------------+-------+-------+-------++-------
Melee: Unarmed           |     3 |       |       ||     3
       Whip              |    42 |   131 |    73 ||   246
       Headbutt          |     1 |    15 |     9 ||    25
 Fire: Hunting sling     |     3 |     6 |       ||     9
 Cast: Pain              |    59 |    87 |    45 ||   191
       Animate Skeleton  |     7 |    22 |     9 ||    38
       Vampiric Draining |       |     2 |     3 ||     5
  Use: Scroll            |     1 |     3 |     6 ||    10
       Potion            |       |       |     2 ||     2
Armor: Robe              |    52 |       |       ||    52
       Leather armour    |       |    57 |    38 ||    95
       Skin              |       |     1 |       ||     1
Dodge: Dodged            |    76 |    94 |    66 ||   236
Block: Buckler           |    15 |    27 |    30 ||    72

Table legend: (Time is in decaauts)
 A = Elapsed time spent in this place.
 B = Non-inter-level travel time spent in this place.
 C = Inter-level travel time spent in this place.
 D = Time resting spent in this place.
 E = Time spent auto-exploring this place.
 F = Levels seen in this place.
 G = Mean time per level.
                   A        B        C        D        E       F      G
               +--------+--------+--------+--------+--------+-----+--------+
         Total |   6092 |   5950 |    142 |    447 |   3445 |   8 |  761.5 |
       Dungeon |   5148 |   5020 |    128 |    352 |   3018 |   6 |  858.0 |
        Temple |     65 |     51 |     14 |      0 |     28 |   1 |   65.0 |
         Sewer |    879 |    879 |      0 |     95 |    399 |   1 |  879.0 |
               +--------+--------+--------+--------+--------+-----+--------+

Top non-repeatable levels by time:
     D:1: 1217 daAuts
     D:2: 1161 daAuts
     D:5: 919 daAuts
   Sewer: 879 daAuts
     D:3: 850 daAuts
     D:4: 847 daAuts
     D:6: 152 daAuts
  Temple: 65 daAuts
